 Dungeon Crawl Stone Soup version 0.28-a0-199-g298df9dbad (webtiles) character file.

Game seed: 11999119154865474575

14 Rennog the Skirmisher (level 2, -1/18 (21) HPs)
             Began as an Octopode Fighter on Aug 19, 2021.
             Slain by a kobold (7 damage)
             ... on level 1 of the Dungeon.
             The game lasted 00:00:35 (525 turns).

Rennog the Skirmisher (Octopode Fighter)             Turns: 525, Time: 00:00:36

HP:   -1/18 (21)    AC:  1    Str: 15    XL:     2   Next: 45%
MP:   2/2           EV: 11    Int: 10    God:
Gold: 32            SH:  8    Dex: 11    Spells: 1/1 levels left

rFire   . . .      SeeInvis .   a - +0 flail
rCold   . . .      Faith    .   b - +0 kite shield
rNeg    . . .      Spirit   .   (helmet restricted)
rPois   .          Reflect  .   (no amulet)
rElec   .          Harm     .   (no ring)
rCorr   .          Rampage  .   (no ring)
Will    .....                   (no ring)
Stlth   +++.......              (no ring)
HPRegen 0.06/turn               (no ring)
MPRegen 0.08/turn               (no ring)
                                (no ring)
                                (no ring)

@: heavily drained
A: almost no armour, amphibious, 8 rings, camouflage 1, gelatinous body 1,
(nimble swimmer 1), tentacles
a: no special abilities


You were on level 1 of the Dungeon.
You visited 1 branch of the dungeon, and saw 1 of its levels.

You collected 32 gold pieces.

Inventory:

Hand Weapons
 a - a +0 flail (weapon)
Armour
 b - a +0 kite shield (worn)
Scrolls
 d - a scroll of holy word {unknown}
Potions
 c - a potion of might
 e - a potion of mutation {unknown}


   Skills:
 * Level 3.5 Fighting
 - Level 2.0 Maces & Flails
 - Level 3.0 Dodging
 + Level 1.6 Stealth
 - Level 3.0 Shields


You had one spell level left.
You didn't know any spells.
Your spell library was empty.

Dungeon Overview and Level Annotations

Branches:
Dungeon (1/15)

Altars:


Innate Abilities, Weirdness & Mutations

You cannot wear most types of armour.
You are amphibious.
You can wear up to eight rings at the same time.
Your skin changes colour to match your surroundings (Stealth+).
Your rubbery body absorbs attacks. (AC +1, EV +1)
((You are camouflaged near water. (Stealth+)))
You have tentacles for arms and can constrict up to eight enemies at once.


Message History

A kobold comes into view. It is wielding a +2 whip of draining.
The kobold shouts!
You miss the frilled lizard.
The goblin shouts!
Your grab misses the frilled lizard. You squeeze the frilled lizard.
You kill the frilled lizard!
You see here a frilled lizard corpse.
You sock the goblin!
You kill the goblin!
A dart slug comes into view.
You barely miss the kobold. Your grab misses the kobold.
The kobold hits you with a +2 whip of draining.
You feel drained.
You closely miss the kobold. Your grab misses the kobold.
The kobold hits you with a +2 whip of draining.
You feel drained. The kobold misses you.
You hit the kobold but do no damage. Your grab misses the kobold.
You squeeze the kobold, but do no damage.
You block the kobold's attack. The dart slug launches a dart at you.
The slug dart hits you.
You are too injured to fight recklessly!
You are too injured to fight recklessly!
You are too injured to fight recklessly!
You are too injured to fight recklessly!
You are too injured to fight recklessly!
You are too injured to fight recklessly!
You are too injured to fight recklessly!
You are too injured to fight recklessly!
You are too injured to fight recklessly!
You are too injured to fight recklessly!
You are too injured to fight recklessly!
You are too injured to fight recklessly!
You are too injured to fight recklessly!
You are too injured to fight recklessly!
You closely miss the kobold. Your grab misses the kobold.
The kobold hits you with a +2 whip of draining.
You feel drained.
The kobold hits you with a +2 whip of draining!
You die...

# ###............
###.#...........#####
##.............#......
.#########.................####
....................###.##.....
................###...#.##.....
............#.. #...#.##..(..
.......w....#######...#.##.....
......)†.....K@................
........###################....
........# ♣.♣...♣♣♣♣ #####
........# #♣♣♣.......♣♣## #
######### ..............♣##
.♣.♣#'''#♣♣♣....♣#
###...###♣♣..... #.......#
♣♣♣♣.. #....8..#### ♣♣.


You could see a dart slug and a kobold.

Vanquished Creatures
  A dart slug (D:1)
  3 goblins (D:1)
  2 quokkas (D:1)
  A ball python (D:1)
  4 frilled lizards (D:1)
  A kobold (D:1)
  A rat (D:1)
13 creatures vanquished.

Notes
Turn   | Place    | Note
-------+----------+-------------------------------------------
     0 | D:1      | Rennog the Octopode Fighter began the quest for the Orb.
     0 | D:1      | Reached XP level 1. HP: 16/16 MP: 1/1
   128 | D:1      | Reached skill level 1 in Stealth
   140 | D:1      | Reached XP level 2. HP: 7/21 MP: 2/2
   525 | D:1      | Slain by a kobold

Illustrated notes

Levels and vault maps discovered:
D:1:      sevenhm_arrival_forest_fort_large_3, layout_basic

Skill      XL: |  1 |
---------------+----+-----
Stealth        | 1 |  1.6
Fighting       | |  3.5
Maces & Flails | |  2.0
Dodging        | |  3.0
Shields        | |  3.0

Action                   || total
-------------------------++-------
Melee: Flail             ||    29
       Tentacles         ||     6
       Constrict         ||     4
 Stab: Sleeping          ||     3
Armor: Skin              ||     3
Dodge: Dodged            ||     2
Block: Kite shield       ||    12

Table legend: (Time is in decaauts)
 A = Elapsed time spent in this place.
 B = Non-inter-level travel time spent in this place.
 C = Inter-level travel time spent in this place.
 D = Time resting spent in this place.
 E = Time spent auto-exploring this place.
 F = Levels seen in this place.
 G = Mean time per level.
                   A        B        C        D        E       F      G
               +--------+--------+--------+--------+--------+-----+--------+
         Total |    539 |    539 |      0 |      0 |    446 |   1 |  539.0 |
       Dungeon |    539 |    539 |      0 |      0 |    446 |   1 |  539.0 |
               +--------+--------+--------+--------+--------+-----+--------+

Top non-repeatable levels by time:
     D:1: 539 daAuts
